 Dungeon Crawl Stone Soup version 0.25.1-2-g60ff931df9 (webtiles) character file.

Game seed: 9498807487980930350

72 Impeuri the Firebug (level 4, 0/24 HPs)
             Began as a Gargoyle Fire Elementalist on Aug 29, 2020.
             Slain by Sigmund
             ... wielding a +0 scythe
              (11 damage)
             ... on level 2 of the Dungeon.
             The game lasted 00:03:55 (1639 turns).

Impeuri the Firebug (Gargoyle Fire Elementalist)    Turns: 1639, Time: 00:03:56

Health: 0/24       AC:  5    Str: 11    XL:     4   Next: 25%
Magic:  7/7        EV: 12    Int: 17    God:
Gold:   46         SH:  0    Dex: 10    Spells: 4/8 levels left

rFire    . . .     SeeInvis .   f - +0 hand axe
rCold    . . .     Gourm    .   (no shield)
rNeg     + . .     Faith    .   a - +0 robe
rPois    ∞         Spirit   .   (no helmet)
rElec    +         Reflect  .   (no cloak)
rCorr    .         Harm     .   (no gloves)
MR       .....                  (no boots)
Stlth    ++........             (no amulet)
HPRegen  0.08/turn              (no ring)
MPRegen  0.10/turn              (no ring)

@: no status effects
A: negative energy resistance 1, electricity resistance, unbreathing,
petrification resistance, rot immunity, AC +3
a: no special abilities


You were on level 2 of the Dungeon.
You were not hungry.

You visited 1 branch of the dungeon, and saw 2 of its levels.

You collected 46 gold pieces.

Inventory:

Hand Weapons
 f - a +0 hand axe (weapon)
Armour
 a - a +0 robe (worn)
Scrolls
 b - 3 scrolls of identify {unknown}
 d - a scroll of remove curse {unknown}
 h - a scroll of enchant weapon {unknown}
Potions
 e - 2 potions of flight {unknown}
 g - a potion of lignification {unknown}
 i - a potion of might {unknown}
Comestibles
 c - 6 rations


   Skills:
 - Level 1.5 Dodging
 - Level 2.1 Stealth
 + Level 2.5 Spellcasting
 * Level 2.8 Conjurations
 * Level 3.9 Fire Magic


You had 4 spell levels left.
You knew the following spells:

 Your Spells              Type           Power        Failure   Level  Hunger
a - Foxfire               Conj/Fire      ##..         4%          1    #......
b - Conjure Flame         Conj/Fire      ##......     14%         3    ###....

Your spell library contained the following spells:

 Spells                   Type           Power        Failure   Level  Hunger
 Inner Flame              Hex/Fire       #.......     26%         3    ###....
 Sticky Flame             Conj/Fire      ##......     43%         4    #####..
 Fireball                 Conj/Fire      ##........   78%         5    ######.


Dungeon Overview and Level Annotations

Branches:
Dungeon (2/15)

Altars:

Annotations:
D:2 Sigmund


Innate Abilities, Weirdness & Mutations

You are resistant to torment.
Your stone body is resilient. (AC +3)
You are immune to poison.
You resist negative energy. (rN+)
You are resistant to electric shocks. (rElec)
You can survive without breathing.
You are immune to petrification.
You are immune to rotting.


Message History

You slide downwards.
The hatch slams shut behind you.
An adder, a giant cockroach, a kobold and Sigmund come into view.
Sigmund is wielding a +0 scythe and carrying a wand of digging (3).
Sigmund shouts!
The kobold shouts!
The adder hisses angrily.
The kobold completely misses you.
Sigmund hits you from afar with a +0 scythe.
The adder closely misses you.
Found 13 gold pieces.
The adder barely misses you.
Sigmund flickers, as though insubstantial.
The adder bites you.
The kobold throws a stone.
The stone hits you. The adder closely misses you.
You see here a stone.
The kobold throws a stone.
The stone misses you.
Sigmund gestures wildly while chanting.
Sigmund flickers and vanishes!
Deactivating autopickup; reactivate with Ctrl-A.
The kobold throws a stone.
The stone closely misses you. The adder bites you. Something hits you!
You die...

#.... ##....
#.....
#.....###+#######
..........(...(.#
#......s@......#
#.....{.S......#
#.....K.(....$.#
##.......#######
#########


You could see an adder, a giant cockroach and a kobold.

Vanquished Creatures
  3 adders (D:2)
  5 dart slugs
  A leopard gecko (D:1)
  4 bats
  A giant cockroach (D:1)
  6 goblins
  4 hobgoblins
  A kobold (D:2)
  2 frilled lizards
  6 rats
33 creatures vanquished.

Vanquished Creatures (others)
  33 foxfires
33 creatures vanquished.

Grand Total: 66 creatures vanquished

Notes
Turn   | Place    | Note
-------+----------+-------------------------------------------
     0 | D:1      | Impeuri the Gargoyle Fire Elementalist began the quest for
                  | the Orb.
     0 | D:1      | Reached XP level 1. HP: 10/10 MP: 3/3
   238 | D:1      | Reached XP level 2. HP: 15/15 MP: 5/5
   635 | D:1      | Reached XP level 3. HP: 17/19 MP: 6/6
   640 | D:1      | Learned a level 3 spell: Conjure Flame
  1238 | D:2      | Reached XP level 4. HP: 24/24 MP: 3/7
  1635 | D:2      | Noticed Sigmund
  1639 | D:2      | Slain by Sigmund

Illustrated notes

Levels and vault maps discovered:
D:1:      matt_arrival_los_fun, layout_basic, minmay_misc_feat_room
D:2:      layout_basic, lemuel_round_altar, uniq_sigmund

Skill      XL: |  1  2 |
---------------+-------+-----
Conjurations   | 2 |  2.8
Dodging        | |  1.5
Stealth        | |  2.1
Spellcasting   | |  2.5
Fire Magic     | |  3.9

Action                   |  1- 3 |  4- 6 || total
-------------------------+-------+-------++-------
Melee: Unarmed           |    16 |       ||    16
       Hand axe          |    52 |    14 ||    66
 Cast: Foxfire           |    16 |    11 ||    27
  Eat: Chunk             |     1 |     2 ||     3
Armor: Robe              |    23 |    13 ||    36
Dodge: Dodged            |    51 |    23 ||    74
